 Dungeon Crawl Stone Soup version 0.31-a0-217-g58bb5d79cf (webtiles) character file.

Game seed: 5842535847370812203

502 qw the Shooter (level 6, 0/52 HPs)
             Began as a Minotaur Hexslinger on July 2, 2023.
             Slain by a black bear (12 damage)
             ... on level 5 of the Dungeon.
             The game lasted 00:01:19 (2954 turns).

qw the Shooter (Minotaur Hexslinger)                Turns: 2954, Time: 00:01:19

Health: 0/52       AC:  2    Str: 12    XL:     6   Next: 95%
Magic:  6/6        EV: 12    Int: 10    God:
Gold:   301        SH:  0    Dex: 15    Spells: 6/7 levels left

rFire   . . .        Y - +2 sling
rCold   . . .        (no shield)
rNeg    . . .        c - +0 robe
rPois   .            (helmet unavailable)
rElec   .            (no cloak)
rCorr   .            (no gloves)
SInv    +            (no boots)
Will    .....        (no amulet)
Stlth   +            d - ring of see invisible
HPRegen 0.28/turn    (no ring)
MPRegen 0.10/turn

%: no passive effects
@: about to teleport
A: horns 3, retaliatory headbutt, wild magic 1
a: no special abilities


You were on level 5 of the Dungeon.
You visited 1 branch of the dungeon, and saw 5 of its levels.

You collected 301 gold pieces.


Innate Abilities, Weirdness & Mutations

You have a pair of large horns on your head.
You reflexively headbutt those who attack you in melee.
Your spells are a little harder to cast, but a little more powerful.


   Skills:
 - Level 4.0 Fighting
 + Level 7.4 Ranged Weapons
 - Level 2.1 Dodging
 - Level 1.0 Spellcasting
 - Level 2.0 Hexes


You had 6 spell levels left.
You knew the following spells:

 Your Spells              Type           Power      Damage    Failure   Level
a - Slow                  Hex            20%        N/A       22%         1

Your spell library contained the following spells:

 Spells                   Type           Power      Damage    Failure   Level
 Inner Flame              Hex/Fire       3%         N/A       65%         3
 Portal Projectile        Hex/Tloc       6%         N/A       65%         3
 Cause Fear               Hex            2%         N/A       88%         4

Inventory:

Hand Weapons
 Y - a +2 sling (weapon)
Armour
 c - a +0 robe (worn)
Jewellery
 d - a ring of see invisible (left hand)
Scrolls
 b - a scroll of enchant armour
Potions
 a - 3 potions of curing
 e - a potion of enlightenment {unknown}
 f - a potion of haste {unknown}
 g - a potion of degeneration {unknown}
 h - 2 potions of mutation

Dungeon Overview and Level Annotations

Branches:
Dungeon (5/15)
 Temple: D:4-7

Altars:


Message History

Enter note:
Enter note: You shoot a sling bullet.
The sling bullet barely misses the black bear.
You shoot a sling bullet. The sling bullet hits the black bear!
The black bear is moderately wounded.
You shoot a sling bullet.
The sling bullet barely misses the black bear.
You shoot a sling bullet.
The sling bullet barely misses the black bear.
You shoot a sling bullet. The sling bullet hits the black bear.
The black bear is heavily wounded.
You shoot a sling bullet.
The sling bullet hits the black bear but does no damage.
The black bear is heavily wounded.
You shoot a sling bullet. The sling bullet hits the black bear!
The black bear is severely wounded.
The black bear goes berserk!
You shoot a sling bullet.
The sling bullet closely misses the black bear.
The black bear bites you.
The black bear claws you but does no damage.
The black bear claws you.
You shoot a sling bullet.
The sling bullet closely misses the black bear.
The black bear bites you! The black bear claws you. x2
The black bear misses you. You furiously retaliate!
You headbutt the black bear! The black bear claws you.
The black bear barely misses you.
You shoot a sling bullet.
The sling bullet hits the black bear but does no damage.
The black bear is almost dead.
The black bear bites you but does no damage.
The black bear closely misses you. The black bear claws you.
The black bear bites you! The black bear claws you.
The black bear barely misses you.
2954 ||| READING scroll of teleportation.
As you read the scroll of teleportation, it crumbles to dust.
You feel strangely unstable. The black bear bites you!
You die...

.# #.....# .# #.....#
#.....# .#####.....#
#.....### #..........#
#........ #..........#
#........ #..........#
#........ #..........#
#........
#..........###+#h.......
#...............@....#
#....................#
#....................# #
..................# #
..................#
.....................
+####+##.............
#..........<..
+.............


You could see a black bear (berserk).

Vanquished Creatures
  A scorpion (D:4)
  A howler monkey (D:4)
  A vampire bat (D:3)
  A hound (D:4)
  An iguana (D:4)
  2 jellies
  Jessica (D:2)
  5 adders
  An ufetubus (D:4)
  2 worms
  5 dart slugs
  3 fire bats (D:3)
  An orc (D:4)
  2 spectral bats (D:3)
  4 ball pythons
  3 bat skeletons (D:3)
  A bat zombie (D:3)
  4 endoplasms
  4 giant cockroaches
  8 goblins
  7 hobgoblins
  5 jackals
  2 quokkas (D:2)
  14 bats
  A bat simulacrum (D:3)
  6 frilled lizards
  5 kobolds
  2 rats (D:1)
93 creatures vanquished.

Notes
Turn   | Place    | Note
-------+----------+-------------------------------------------
     0 | D:1      | qw the Minotaur Hexslinger began the quest for the Orb.
     0 | D:1      | Reached XP level 1. HP: 16/16 MP: 1/1
     0 | D:1      | 0 ||| qw: Version: 0.3-a-40-ge99b1a8
     0 | D:1      | 0 ||| qw: Game counter: 8003
     0 | D:1      | 0 ||| qw: Melee chars always use a shield: true
     0 | D:1      | 0 ||| qw: God list: Okawaru
     0 | D:1      | 0 ||| qw: Allow faded altars: false
     0 | D:1      | 0 ||| qw: Do Orc after clearing Dungeon:15 true
     0 | D:1      | 0 ||| qw: Do second Lair branch before Depths: true
     0 | D:1      | 0 ||| qw: Lair rune preference: random
     0 | D:1      | 0 ||| qw: Goals: Normal
     0 | D:1      | 0 ||| PLANNING D:1-11
   144 | D:1      | Reached skill level 3 in Ranged Weapons
   151 | D:1      | Reached XP level 2. HP: 23/23 MP: 2/2
   228 | D:1      | 228 ||| UPGRADING to ring of see invisible.
   230 | D:1      | 230 ||| READING scroll labelled WEAWOBBO HOJUSK.
   317 | D:1      | Found a faded altar of an unknown god.
   622 | D:1      | 622 ||| READING scroll labelled NAHEDE XAM.
   623 | D:1      | 623 ||| READING scroll labelled GENWEWOTHRO.
   627 | D:1      | 627 ||| READING scroll labelled ISAYCV DECKU.
   628 | D:1      | 628 ||| DROPPING scroll of poison.
   645 | D:2      | Reached XP level 3. HP: 29/29 MP: 3/3
   725 | D:2      | Reached skill level 4 in Ranged Weapons
   768 | D:2      | Noticed Jessica
   772 | D:2      | Killed Jessica
   773 | D:2      | Reached XP level 4. HP: 30/36 MP: 4/4
   808 | D:2      | 808 ||| FLEEEEING.
   809 | D:2      | 809 ||| FLEEEEING.
   811 | D:2      | 811 ||| FLEEEEING.
   812 | D:2      | 812 ||| FLEEEEING.
  1261 | D:2      | 1261 ||| READING scroll labelled WEWUHEQAUP.
  1262 | D:2      | 1262 ||| READING scroll labelled ENIONKO CYN.
  1324 | D:2      | 1324 ||| READING scroll labelled AMAINODGH BAYPH.
  1351 | D:3      | Reached skill level 5 in Ranged Weapons
  1808 | D:3      | Reached skill level 3 in Fighting
  1808 | D:3      | Reached XP level 5. HP: 45/45 MP: 5/5
  2070 | D:3      | 2070 ||| READING scroll labelled VUFIOL XOWOGHUE.
  2071 | D:3      | 2071 ||| DRINKING 2 coppery potions.
  2072 | D:3      | 2072 ||| DRINKING 3 bubbling coppery potions.
  2072 | D:3      | Gained mutation: Your spells are a little harder to cast,
                  | but a little more powerful. [potion of mutation]
  2072 | D:3      | Gained mutation: You have a pair of large horns on your
                  | head. [potion of mutation]
  2073 | D:3      | 2073 ||| DROPPING potion of magic.
  2121 | D:4      | Reached skill level 6 in Ranged Weapons
  2121 | D:4      | Reached XP level 6. HP: 46/51 MP: 6/6
  2265 | D:4      | 2265 ||| FLEEEEING.
  2266 | D:4      | 2266 ||| FLEEEEING.
  2272 | D:4      | 2272 ||| FLEEEEING.
  2273 | D:4      | 2273 ||| FLEEEEING.
  2279 | D:4      | 2279 ||| FLEEEEING.
  2280 | D:4      | 2280 ||| FLEEEEING.
  2281 | D:4      | 2281 ||| STAIRDANCE
  2322 | D:3      | 2322 ||| READING scroll labelled ECUF NAHUK.
  2681 | D:4      | Reached skill level 7 in Ranged Weapons
  2871 | D:4      | 2871 ||| DRINKING 2 red potions.
  2878 | D:5      | Entered Level 5 of the Dungeon
  2953 | D:5      | HP: 12/52 [black bear (4)]
  2954 | D:5      | 2954 ||| READING scroll of teleportation.
  2954 | D:5      | Slain by a black bear

Levels and vault maps discovered:
D:1:      evilmike_arrival_plus, layout_basic, serial_glass, glass_columns_a,
          glass_columns_a, hellmonk_ecumenical_altar_dog_temple
D:2:      layout_rooms, patterned_corridor, uniq_jessica
D:3:      layout_loops_ring, goddamned_bats
D:4:      layout_loops_ring, minmay_fractal_squares_gapless_5
D:5:      layout_gridville, serial_shops, nicolae_shop_statue_plus,
          uniq_blork_the_orc

Skill      XL: |  1  2  3  4  5  6 |
---------------+-------------------+-----
Ranged Weapons | 3 4 5 6 7 |  7.4
Fighting       | 2 3 4 |  4.0
Dodging        | |  2.1
Spellcasting   | |  1.0
Hexes          | |  2.0

Action                     |  1- 3 |  4- 6 || total
---------------------------+-------+-------++-------
   Fire: Sling             |    97 |   205 ||   302
    Use: Scroll            |     4 |     6 ||    10
         Potion            |       |     3 ||     3
 Armour: Robe              |    15 |    41 ||    56
  Dodge: Dodged            |    33 |    80 ||   113

Table legend:
 A = Non-vault XP
 B = Vault XP
 C = Vault XP percentage of total XP
 D = Non-vault monster count
 E = Vault monster count
 F = Vault count percentage of total count
                 A         B        C        D         E       F
            +---------+---------+-------+---------+---------+-------
      Total |     368 |     350 |  48.7 |      66 |      27 |  29.0
            +---------+---------+-------+---------+---------+-------
        D:1 |      33 |       6 |  15.4 |      18 |       3 |  14.3
        D:2 |      55 |      37 |  40.2 |      20 |       1 |   4.8
        D:3 |      30 |     175 |  85.4 |      10 |      20 |  66.7
        D:4 |     204 |     132 |  39.3 |      17 |       3 |  15.0
        D:5 |      46 |       0 |   0.0 |       1 |       0 |   0.0
            +---------+---------+-------+---------+---------+-------
